AoeStats
← CavArchers

Black Forest

510707315Analyzed
4v4 RM · 15h ago on Oct 2, 2026· 38m 28s· 8 players
Game mode
Random Map
Map size
Large (8 player)
Population
200
Speed
Normal
Resources
Standard
Victory
Conquest
Starting age
Dark Age
Ending age
Imperial Age
RankedLock teamsTeams togetherTeam positionsShared explorationLock speedFull tech treeHidden civsTurbo modeCheats
Victory
Defeat
🇨🇳 Burgundians · China
1321
+13
🇨🇳 Turks · China
1236
+16
🇦🇺 Magyars · Australia
1229
+16
🇹🇼 Ethiopians · Taiwan
1164
+19
🇺🇸 Britons · United States
1285
-18
🇧🇪 Persians · Belgium
1283
-18
🇳🇱 Khmer · Netherlands
1200
-14
🇷🇴 Mongols · Romania
1178
-14
只爆叉叉
10:55 Feudal Age
11:55 Double-Bit Axe
14:46 Castle Age
12:30 Horse Collar
15:52 Bow Saw
15:55 Heavy Plow
22:02 Loom
23:52 Wheelbarrow
23:19 Gold Mining
25:28 Hand Cart
28:42 Imperial Age
26:49 Scale Barding Armor
26:54 Forging
28:11 Chain Barding Armor
28:34 Gold Shaft Mining
29:49 Iron Casting
29:36 Ballistics
29:33 Husbandry
29:44 Bloodlines
28:55 Heavy Camel Rider
30:02 Conscription
29:43 Artillery
30:33 Plate Barding Armor
32:02 Blast Furnace
31:59 Treadmill Crane
33:33 Caravan
34:06 Coinage
33:41 Padded Archer Armor
furkanonal2018
2:00 Loom
11:36 Feudal Age
12:01 Double-Bit Axe
12:24 Fishing Lines
17:52 Castle Age
21:07 Bow Saw
20:51 Gillnets
22:08 Horse Collar
22:55 Heavy Plow
23:37 Wheelbarrow
26:14 Gold Mining
26:15 Stone Mining
29:46 Imperial Age
27:30 Padded Archer Armor
27:27 Fletching
28:57 Gold Shaft Mining
28:53 Ballistics
28:39 Bodkin Arrow
29:36 Leather Archer Armor
30:31 Bloodlines
30:24 Husbandry
31:35 Chemistry
31:31 Parthian Tactics
31:04 Heavy Cavalry Archer
31:49 Thumb Ring
32:05 Recurve Bow
32:31 Caravan
33:00 Bracer
33:39 Ring Archer Armor
34:29 Elite Skirmisher
36:58 Two-Man Saw
36:09 Treadmill Crane
37:17 Coinage
37:21 Hand Cart
36:52 Town Watch
TTAITAI
0:26 Loom
11:04 Feudal Age
11:48 Double-Bit Axe
13:14 Horse Collar
17:01 Castle Age
18:13 Bow Saw
18:31 Bow Saw
19:09 Heavy Plow
22:12 Wheelbarrow
26:12 Gold Mining
26:13 Stone Mining
26:58 Hand Cart
30:21 Imperial Age
28:01 Scale Mail Armor
28:11 Forging
28:29 Masonry
28:12 Town Watch
29:01 Chain Mail Armor
28:48 Squires
28:34 Arson
30:18 Iron Casting
30:05 Town Patrol
30:09 Town Patrol
29:54 Fishing Lines
30:24 Halberdier
31:39 Architecture
31:41 Plate Mail Armor
31:34 Conscription
32:27 Two-Man Saw
31:25 Gillnets
32:57 Blast Furnace
35:18 Caravan
35:48 Coinage
35:28 Guilds
CavArchers
3:58 Double-Bit Axe
9:56 Feudal Age
10:46 Bow Saw
19:23 Castle Age
17:35 Gold Mining
17:51 Fishing Lines
19:28 Gold Shaft Mining
18:48 Gillnets
23:08 Imperial Age
22:45 Two-Man Saw
22:07 Guilds
22:34 Scale Mail Armor
22:37 Padded Archer Armor
22:38 Scale Mail Armor
22:53 Forging
23:46 Fervor
24:48 Chemistry
24:36 Wheelbarrow
23:48 Loom
25:11 Leather Archer Armor
25:11 Chain Mail Armor
26:00 Fervor
26:08 Squires
29:40 Stone Mining
29:31 Horse Collar
30:07 Hand Cart
29:31 Pikeman
29:57 Arson
33:12 Halberdier
35:04 Iron Casting
36:01 Elite Skirmisher
38:03 Plate Mail Armor
38:33 Blast Furnace
38:09 Heavy Plow
39:06 Masonry
38:36 Treadmill Crane
38:51 Murder Holes
39:17 Ballistics
39:40 Stone Shaft Mining
AquilaMaximus
0:26 Loom
12:33 Feudal Age
17:11 Castle Age
16:03 Double-Bit Axe
18:59 Fishing Lines
19:05 Fishing Lines
20:00 Gillnets
21:10 Horse Collar
21:48 Bow Saw
23:06 Heavy Plow
24:28 Gold Mining
25:39 Wheelbarrow
26:19 Fletching
27:04 Hand Cart
26:43 Stone Mining
27:10 Bodkin Arrow
27:59 Ballistics
28:05 Padded Archer Armor
30:25 Leather Archer Armor
31:38 Gold Shaft Mining
34:09 Imperial Age
31:37 Elite Skirmisher
31:41 Crossbowman
34:45 Yeomen
34:40 Arbalester
36:53 Bracer
prsdntsdghtr
0:26 Loom
11:46 Feudal Age
16:12 Castle Age
14:36 Double-Bit Axe
16:22 Wheelbarrow
15:33 Horse Collar
17:59 Bow Saw
19:19 Heavy Plow
22:57 Gold Mining
25:41 Hand Cart
27:17 Gold Shaft Mining
30:55 Imperial Age
28:36 Stone Mining
31:47 Stone Shaft Mining
33:19 Ballistics
32:25 Light Cavalry
33:06 Husbandry
33:42 Conscription
33:39 Forging
33:35 Scale Barding Armor
35:24 Chemistry
34:58 Double Crossbow
Daan
8:45 Loom
12:25 Feudal Age
16:32 Castle Age
14:47 Double-Bit Axe
17:26 Bow Saw
19:36 Horse Collar
23:01 Wheelbarrow
22:11 Town Watch
22:40 Gold Mining
25:51 Fishing Lines
27:21 Scale Barding Armor
27:26 Forging
30:09 Imperial Age
27:58 Hand Cart
28:36 Gold Shaft Mining
27:52 Stone Mining
27:29 Light Cavalry
28:20 Bloodlines
28:10 Husbandry
30:42 Iron Casting
30:28 Chain Barding Armor
29:52 Cavalier
31:07 Hussar
33:47 Blast Furnace
33:54 Plate Barding Armor
35:52 Savar
𝖋𝖔𝖈𝖆
12:41 Feudal Age
13:14 Double-Bit Axe
13:11 Horse Collar
17:17 Castle Age
16:27 Stone Mining
16:28 Gold Mining
20:47 Wheelbarrow
22:20 Hand Cart
22:04 Fishing Lines
22:48 Loom
26:42 Bow Saw
26:33 Heavy Plow
30:33 Imperial Age
28:14 Fishing Lines
28:37 Padded Archer Armor
28:27 Fletching
29:20 Gold Shaft Mining
29:20 Stone Shaft Mining
29:45 Leather Archer Armor
30:05 Bodkin Arrow
31:04 Arson
31:20 Squires
31:48 Parthian Tactics
31:28 Thumb Ring
31:45 Conscription
31:01 Elite Mangudai
32:42 Bracer
33:22 Ballistics
33:43 Husbandry
33:53 Bloodlines
33:44 Husbandry
33:54 Bloodlines
34:53 Chemistry
36:40 Heavy Camel Rider
37:05 Light Cavalry
Connection lost

Rejoining the realm…

Still unreachable

The connection could not be restored.

Session expired

The server has moved on; the page needs a fresh start.